Map: Tokamak LE

Players

ShoWTimE - Winner!

  • Race: Protoss Protoss
  • League: Grandmaster
  • Spawn Location: 1:00

Zoun

  • Race: Protoss Protoss
  • League: Master
  • Spawn Location: 7:00

Event: HomeStory Cup XXVII

VOD

Have the link to the VOD?

Description

Time

  • Played on: June 29, 2025, 12:32 p.m.
  • Length: 9:59

All games in this series

Show
View Real Time Build Order
Export as new Build Order

ShoWTimE Protoss - Winner!

Build Orders: Phoenix Opening, Blink Stalkers 

Get SALT Encoding   

  12  0:00  Probe  
  13  0:12  Probe  
  14  0:17  Pylon  
  14  0:23  Probe  
  15  0:31  Probe  
  16  0:36  Gateway  
  16  0:39  Probe  
  16  0:45  Assimilator  
  17  0:50  Probe  
  17  0:54  Assimilator  
  18  0:59  Probe  
  19  1:07  Probe  
  19  1:08  Gateway  
  19  1:17  Probe  
  20  1:23  Cybernetics Core  
  21  1:29  Probe  
  22  1:36  Pylon  
  22  1:41  Probe  
  23  1:54  Probe  
  24  1:57  Stalker  
  24  2:00  Warp Gate  
  26  2:06  Probe, Sentry  
  29  2:09  Pylon  
  29  2:18  Probe  
  30  2:24  Pylon  
  30  2:30  Probe  
  30  2:33  Sentry  
  33  2:37  Phoenix  
  33  2:44  Nexus  
  33  2:48  Probe  
  34  2:56  Twilight Council  
  34  2:59  Sentry  
  34  3:04  Probe  
  37  3:08  Pylon  
  37  3:09  Phoenix  
  37  3:13  Probe  
  38  3:21  Probe  
  38  3:22  Blink  
  39  3:30  Probe  
  40  3:38  Probe  
  40  3:46  Probe  
  40  3:48  Adept x2  
  45  3:52  Probe  
  45  3:54  Phoenix  
  46  3:57  Probe  
  46  4:00  Probe  
  48  4:09  Probe, Stalker x2  
  54  4:10  Probe  
  55  4:21  Probe  
  56  4:24  Nexus  
  56  4:28  Pylon  
  56  4:29  Probe  
  57  4:36  Robotics Facility  
  57  4:41  Assimilator  
  57  4:43  Phoenix, Probe  
  57  4:44  Probe, Stalker  
  61  4:47  Stalker  
  63  4:53  Pylon  
  63  4:55  Probe  
  63  4:57  Shield Battery  
  64  5:01  Forge  
  64  5:02  Probe  
  65  5:11  Probe  
  66  5:14  Probe  
  66  5:15  Stalker x2  
  71  5:22  Phoenix  
  71  5:23  Probe  
  71  5:27  Immortal, Probe  
  71  5:28  Gateway  
  73  5:30  Gateway  
  73  5:32  Protoss Ground Weapons Level 1  
  73  5:35  Probe  
  74  5:39  Probe  
  79  5:43  Probe  
  79  5:47  Phoenix, Probe  
  79  5:49  Stalker  
  83  5:52  Probe  
  83  5:55  Stalker  
  83  5:56  Probe  
  87  5:57  Pylon  
  87  5:59  Probe  
  87  6:00  Immortal  
  88  6:04  Pylon  
  88  6:07  Probe  
  93  6:18  Gateway, Charge  
  93  6:19  Gateway  
  93  6:22  Shield Battery, Probe  
  94  6:29  Pylon  
  94  6:33  Stalker x3  
  94  6:37  Stalker  
  102  6:43  Probe  
  102  6:44  Shield Battery  
  103  6:48  Shield Battery  
  103  6:49  Shield Battery  
  97  6:57  Immortal  
  97  7:01  Stalker x4  
  95  7:08  Protoss Ground Weapons Level 2  
  86  7:15  Probe x2  
  74  7:17  Probe  
  74  7:19  Stalker x2  
  79  7:23  Probe x2  
  79  7:29  Probe  
  82  7:31  Probe x2  
  82  7:36  Observer  
  85  7:37  Gateway  
  85  7:38  Gateway  
  85  7:39  Zealot x2  
  85  7:40  Zealot  
  92  7:45  Zealot x2  
  92  7:50  Zealot  
  97  7:54  Observer  
  97  7:58  Pylon  
  97  8:03  Zealot x3  
  97  8:04  Warp Prism  
  103  8:11  Pylon  
  103  8:14  Nexus  
  103  8:19  Zealot x3  
  110  8:24  Zealot x3  
  116  8:27  Pylon  
  116  8:32  Zealot x2, Templar Archives  
  117  8:47  Nexus  
  117  8:50  Pylon  
  117  8:51  Pylon  
  117  8:55  Pylon  
  117  9:00  Zealot x4  
  125  9:08  Probe x3  
  128  9:16  Pylon  
  128  9:22  High Templar x2  
  128  9:23  Zealot x5  
  142  9:26  Pylon, Archon  
  142  9:34  Zealot  
  142  9:44  Zealot x5  
Show
View Real Time Build Order
Export as new Build Order

Zoun Protoss 

Build Orders: Phoenix Opening, Blink Stalkers 

Get SALT Encoding   

  12  0:00  Probe  
  13  0:12  Probe  
  14  0:16  Pylon  
  14  0:23  Probe  
  15  0:31  Probe  
  16  0:36  Gateway  
  16  0:39  Probe  
  16  0:45  Assimilator  
  17  0:51  Probe  
  17  0:54  Assimilator  
  18  0:59  Probe  
  19  1:07  Gateway, Probe  
  20  1:18  Probe  
  20  1:24  Cybernetics Core  
  21  1:30  Probe  
  22  1:36  Pylon  
  22  1:42  Probe  
  23  1:54  Probe  
  23  1:57  Stalker  
  23  2:00  Sentry  
  28  2:05  Warp Gate  
  28  2:07  Probe  
  29  2:09  Pylon  
  29  2:20  Pylon  
  29  2:31  Phoenix, Sentry  
  31  2:38  Nexus  
  31  2:41  Sentry  
  33  2:46  Shield Battery  
  33  2:50  Probe  
  34  3:02  Probe  
  34  3:04  Twilight Council  
  35  3:11  Pylon, Probe  
  35  3:17  Blink  
  35  3:19  Probe  
  37  3:28  Probe  
  38  3:35  Phoenix  
  38  3:40  Probe  
  39  3:47  Probe  
  39  3:53  Probe  
  39  3:54  Stalker x2  
  39  3:55  Probe  
  46  4:05  Probe x2  
  48  4:17  Probe  
  48  4:19  Stalker  
  48  4:20  Probe, Stalker  
  54  4:30  Nexus  
  54  4:35  Pylon, Probe  
  54  4:36  Probe  
  56  4:44  Robotics Facility  
  56  4:47  Probe  
  56  4:48  Probe  
  56  4:52  Pylon  
  58  4:54  Stalker  
  58  4:57  Stalker  
  62  5:01  Assimilator  
  62  5:03  Shield Battery  
  62  5:06  Pylon  
  62  5:16  Gateway  
  62  5:19  Gateway  
  62  5:21  Probe  
  63  5:27  Probe  
  64  5:31  Forge, Warp Prism  
  64  5:34  Gateway  
  64  5:35  Gateway  
  66  5:47  Stalker  
  68  5:52  Stalker  
  70  6:04  Probe  
  71  6:07  Observer  
  72  6:12  Stalker x2  
  72  6:15  Stalker  
  72  6:16  Stalker  
  80  6:31  Stalker x3  
  86  6:33  Stalker  
  86  6:35  Stalker  
  86  6:39  Stalker  
  88  6:51  Stalker  
  90  6:54  Stalker  
  90  6:55  Stalker  
  90  7:01  Stalker x2  
  88  7:04  Stalker  
  88  7:06  Probe x2  
  80  7:09  Immortal  
  68  7:16  Probe  
  68  7:18  Probe x2  
  68  7:21  Stalker  
  75  7:24  Shield Battery  
  75  7:25  Shield Battery  
  75  7:26  Protoss Ground Weapons Level 1, Probe  
  75  7:27  Probe x2  
  76  7:34  Probe  
  76  7:35  Probe x2  
  78  7:38  Charge  
  78  7:41  Observer  
  78  7:42  Probe, Sentry  
  83  7:44  Probe x2  
  83  7:45  Gateway  
  83  7:47  Gateway  
  83  7:49  Observer  
  86  7:53  Observer  
  86  7:54  Probe  
  86  7:56  Probe  
  86  7:57  Observer  
  88  8:01  Immortal, Observer  
  88  8:03  Pylon  
  88  8:05  Pylon  
  88  8:06  Nexus  
  88  8:08  Pylon  
  92  8:21  Zealot x5  
  92  8:23  Pylon  
  92  8:24  Pylon  
  101  8:27  Zealot  
  101  8:43  Zealot x7  
  101  8:48  Shield Battery, Templar Archives  
  111  8:49  Observer  
  111  8:50  Photon Cannon  
  111  8:54  Photon Cannon  
  112  8:57  Shield Battery  
  112  9:05  Zealot x2  
  112  9:08  Immortal, Probe  
  112  9:09  Probe x2  
  123  9:12  Observer  
  119  9:19  Stalker x3  
  119  9:23  Zealot x2  
  129  9:26  Zealot  
  129  9:30  Zealot  
  129  9:31  Zealot  
  133  9:42  Stalker x3  
  127  9:45  Zealot x2  
  127  9:48  Zealot  
Tags
 
Add a new tag
Caveats
  • Supply blocks, unpowered buildings, or Contaminate may cause inaccurate times.
  • Supply counts are checked every 10 seconds.